[Event "Team 45 45 League T57"]
[Site "Internet Chess Club"]
[Date "2013.06.09"]
[Round "3"]
[White "kutch"]
[Black "drsigmund1"]
[Result "0-1"]
[WhiteElo "1497"]
[BlackElo "1544"]
[Opening "Queen's pawn: Keres defense"]
[ECO "A40"]
[Time "19:00:24"]
[TimeControl "2700+45"]

1. d4 e6 2. c4 b6 3. e4 Bb7 4. Nc3 Qh4 5. Bd3 f5 6. Nf3 Qg4 7. h3 Qxg2 8. Rg1
Qxh3 9. Bf1 Qh5 10. Rg5 Qf7 11. Ne5 Qf6 12. Qe2 g6 13. exf5 Nc6 14. Nb5 O-O-O
15. fxg6 hxg6 16. Rxg6 Qf5 17. Rg5 Qf6 18. Rg6 Qe7 19. Bg5 Qb4+ 20. Qd2 Nxe5 21.
dxe5 Qxd2+ 22. Kxd2 Bb4+ 23. Ke2 Ne7 24. Bxe7 Bxe7 25. Bg2 Bxg2 26. Rxg2 Kb7 27.
Rd1 a6 28. Nc3 Rh5 29. f4 Kc6 30. Ne4 Rf5 31. Kf3 Rdf8 32. Ke3 Rxf4 33. Rg7 R4f7
34. Rxf7 Rxf7 35. Kd3 Rf5 36. Kd4 d6 37. exd6 cxd6 38. Kd3 d5 39. cxd5+ Rxd5+
40. Ke2 Rxd1 41. Kxd1 Kd5 42. Nc3+ Kc4 43. Ke2 Bf6 44. Na4 b5 45. b3+ Kb4 46.
Nb6 Ka3 47. Nd7 Bd4 48. Kd3 e5 49. Kc2 Kxa2 50. Nf6 a5 51. Ne4 a4 52. bxa4 bxa4
53. Nf6 Ka3 54. Kb1 Kb3 55. Ne4 a3 56. Nd2+ Kc3 57. Ne4+ Kd3 58. Ng3 e4 59. Ka2
Bc5 60. Nh1 e3 61. Ng3 e2 62. Nxe2 Kxe2 63. Kb1 Kd3 64. Ka2 Kc4 65. Kb1 Kb3 66.
Ka1 Bd4+ {White resigns} 0-1

[Event "Team 45 45 League T57"]
[Site "Internet Chess Club"]
[Date "2013.06.09"]
[Round "3"]
[White "nosir"]
[Black "jjaillet2007"]
[Result "1-0"]
[WhiteElo "1462"]
[BlackElo "1420"]
[Opening "French defense"]
[ECO "C00"]
[Time "20:00:23"]
[TimeControl "2700+45"]

1. e4 e6 2. Nf3 d5 3. e5 c5 4. g3 Nc6 5. Bg2 Qc7 6. Qe2 Nge7 7. c3 g6 8. Na3 a6
9. d4 cxd4 10. cxd4 Bg7 11. Bd2 O-O 12. Rc1 Qb6 13. Be3 Nf5 14. O-O Nfxd4 15.
Nxd4 Nxd4 16. Qd2 Bxe5 17. Rc2 a5 18. Rd1 Qb4 19. Bxd4 Bxd4 20. Qxd4 Qxd4 21.
Rxd4 Bd7 22. b3 Rfc8 23. Rdd2 b5 24. Rxc8+ Rxc8 25. Rc2 Rxc2 26. Nxc2 a4 27. b4
Kg7 28. Na3 Kf6 29. Bf1 Ke5 30. Nxb5 Bxb5 31. Bxb5 d4 32. Bxa4 d3 33. Kf1 Kd4
34. b5 Kc5 35. Ke1 f5 36. f4 h6 37. Kd2 g5 38. Kxd3 g4 39. Bb3 Kxb5 40. Bxe6 Kb4
41. Bxf5 Ka3 42. Bxg4 Kxa2 43. f5 Kb3 44. f6 Kb4 45. f7 {Black resigns} 1-0

[Event "Team 45 45 League T57"]
[Site "Internet Chess Club"]
[Date "2013.06.07"]
[Round "3"]
[White "Aquaman"]
[Black "monkhammer"]
[Result "0-1"]
[WhiteElo "1315"]
[BlackElo "1560"]
[Opening "Réti: King's Indian attack (Barcza system)"]
[ECO "A07"]
[Time "21:00:45"]
[TimeControl "2700+45"]

1. Nf3 d5 2. g3 Nf6 3. Bg2 c6 4. d3 Bg4 5. h3 Bxf3 6. Bxf3 e5 7. Nd2 Nbd7 8. O-O
Be7 9. Re1 O-O 10. e4 Re8 11. b3 Qc7 12. Nf1 Rad8 13. Bd2 Bc5 14. Qc1 Bd6 15.
Nh2 Bc5 16. b4 Bf8 17. a3 Nb6 18. Bg5 Rd6 19. a4 h6 20. Bd2 dxe4 21. dxe4 Qd7
22. Rd1 Qxh3 23. Bg2 Qd7 24. Nf1 Rd8 25. Bf3 Nc4 26. Bc3 Rxd1 27. Qxd1 Qxd1 28.
Bxd1 Nxe4 29. Be1 f6 30. Bf3 Ned2 31. Nxd2 Nxd2 32. Bxd2 Rxd2 33. c3 Kf7 34. b5
Bc5 35. Rf1 cxb5 36. axb5 b6 37. c4 Ra2 38. Bd5+ Ke7 39. Kg2 g5 40. Kf3 f5 41.
g4 Ra3+ 42. Kg2 fxg4 43. Re1 Kf6 44. Rf1 h5 45. f3 gxf3+ 46. Rxf3+ Rxf3 47. Kxf3
Bd4 48. Be4 g4+ 49. Kg3 Kg5 50. Bd5 h4+ 51. Kg2 Kf4 52. Bc6 e4 53. Bd5 h3+ 54.
Kh2 e3 55. Kg1 e2+ {White resigns} 0-1

[Event "Team 45 45 League T57"]
[Site "Internet Chess Club"]
[Date "2013.06.06"]
[Round "3"]
[White "tyler66"]
[Black "rookmaster23"]
[Result "0-1"]
[WhiteElo "1472"]
[BlackElo "1682"]
[Opening "Sicilian defense"]
[ECO "B20"]
[Time "17:56:58"]
[TimeControl "2700+45"]

1. e4 c5 2. d3 Nc6 3. g3 g6 4. Bg2 Bg7 5. Nf3 Nf6 6. O-O O-O 7. Nbd2 e6 8. c3 d5
9. Nb3 b6 10. exd5 exd5 11. c4 Bb7 12. Nbd2 Re8 13. Re1 Rxe1+ 14. Qxe1 Qe8 15.
Qxe8+ Rxe8 16. Rb1 Nb4 17. Bf1 d4 18. a3 Nc6 19. b4 Ba8 20. a4 Nxb4 21. Nxd4 Rd8
22. Nb5 a6 23. d4 axb5 24. dxc5 bxc5 25. cxb5 Nfd5 26. a5 Nc3 27. Rb3 Bd5 28.
Nc4 Nxb5 29. a6 Nd4 30. Ra3 Nf3+ 31. Kh1 Nd2+ 32. Bg2 Bxg2+ 33. Kxg2 Nxc4 34.
Ra4 Nb6 35. Ra5 Ra8 36. a7 Nc8 37. Be3 Rxa7 38. Rxc5 Ra8 39. Rb5 Nc2 40. Bc1 Nd6
41. Rc5 Rc8 42. Rd5 Nf5 43. Rd7 Ne1+ {White resigns} 0-1

[Event "Team 45 45 League T57"]
[Site "Internet Chess Club"]
[Date "2013.06.07"]
[Round "3"]
[White "sdcohle"]
[Black "sohamjoshi"]
[Result "0-1"]
[WhiteElo "1393"]
[BlackElo "1359"]
[Opening "Old Indian: Dus-Khotimirsky variation"]
[ECO "A53"]
[Time "21:02:07"]
[TimeControl "2700+45"]

1. d4 d6 2. c4 Nf6 3. e3 Nbd7 4. Nc3 e5 5. Bd3 Be7 6. Nf3 c6 7. O-O a6 8. dxe5
dxe5 9. Qc2 Nc5 10. Be4 g6 11. Nxe5 Qd6 12. Nf3 Qe6 13. Bd3 Nxd3 14. Qxd3 O-O
15. Rd1 Rd8 16. Qe2 Rxd1+ 17. Nxd1 b5 18. cxb5 axb5 19. b3 Ba6 20. Bb2 b4 21.
Qc2 Rd8 22. Nd4 Qd6 23. Nxc6 Rc8 24. Nxe7+ Qxe7 25. Qc1 Rxc1 26. Rxc1 Qd6 27.
Bd4 Ng4 28. g3 Qd5 29. Nb2 Bb7 30. Kf1 Qh1+ 31. Ke2 Qxc1 32. h3 Nh2 33. Kd3 Qf1+
34. Kd2 Nf3+ 35. Kc2 Be4+ 36. Nd3 Bxd3+ 37. Kb2 Qb1# {White checkmated} 0-1

[Event "Team 45 45 League T57"]
[Site "Internet Chess Club"]
[Date "2013.06.06"]
[Round "3"]
[White "ethan0627"]
[Black "smsxman"]
[Result "0-1"]
[WhiteElo "1345"]
[BlackElo "1475"]
[Opening "Philidor: exchange variation"]
[ECO "C41"]
[Time "11:06:39"]
[TimeControl "2700+45"]

1. e4 e5 2. Nf3 d6 3. d4 exd4 4. Nxd4 Bd7 5. Nc3 Nc6 6. f3 Be7 7. Be3 Nf6 8. Bc4
O-O 9. O-O a6 10. a4 Nxd4 11. Bxd4 Rb8 12. Qe2 b5 13. axb5 axb5 14. Nxb5 c6 15.
Na7 d5 16. Bb3 c5 17. Bc3 c4 18. Ba4 Bc5+ 19. Kh1 Bxa7 20. Bxf6 gxf6 21. Rfd1
Bxa4 22. Rxa4 d4 23. Rxa7 Qb6 24. Ra2 c3 25. b3 Rfd8 26. Qf2 d3 27. Qe3 Qxe3
{White resigns} 0-1

[Event "Team 45 45 League T57"]
[Site "Internet Chess Club"]
[Date "2013.06.06"]
[Round "3"]
[White "Toalla"]
[Black "MateMaster"]
[Result "0-1"]
[WhiteElo "1302"]
[BlackElo "1399"]
[Opening "Sicilian: Nimzovich-Rossolimo attack (without ...d6)"]
[ECO "B30"]
[Time "14:33:09"]
[TimeControl "2700+45"]

1. e4 c5 2. Nf3 Nc6 3. Bb5 d6 4. Bxc6+ bxc6 5. O-O Nf6 6. Re1 Bg4 7. h3 Bxf3 8.
Qxf3 e6 9. d3 Be7 10. Nd2 O-O 11. Nf1 Re8 12. Ng3 d5 13. e5 Nd7 14. c3 Qc7 15.
Bf4 Rab8 16. Qe2 c4 17. d4 c5 18. Nh5 cxd4 19. Qg4 g6 20. Bh6 Kh8 21. f4 Rg8 22.
Ng3 dxc3 23. bxc3 d4 24. cxd4 c3 25. Ne4 c2 26. Nf2 Rgc8 27. Bg5 Bxg5 28. fxg5
Qc3 29. Qf4 Qxa1 30. Nd3 Qxe1+ 31. Nxe1 c1=Q 32. Qxc1 Rxc1 {White resigns} 0-1

[Event "Team 45 45 League T57"]
[Site "Internet Chess Club"]
[Date "2013.06.10"]
[Round "3"]
[White "badmove"]
[Black "tryanything"]
[Result "0-1"]
[WhiteElo "1640"]
[BlackElo "1596"]
[Opening "Trompowsky attack (Ruth, Opocenský opening)"]
[ECO "A45"]
[Time "19:12:02"]
[TimeControl "2700+45"]

1. d4 Nf6 2. Bg5 d5 3. Bxf6 exf6 4. e3 Bf5 5. Bd3 Bxd3 6. Qxd3 c6 7. Nf3 Bd6 8.
Nbd2 Nd7 9. O-O O-O 10. c4 dxc4 11. Nxc4 Bc7 12. Rfd1 Nb6 13. a3 Qd5 14. Nxb6
axb6 15. b4 Rfe8 16. Rdc1 b5 17. Rc5 Qe4 18. Qxe4 Rxe4 19. Nd2 Ree8 20. Nb1 Bd6
21. Rc2 Bxb4 22. Rb2 Bd6 23. a4 Ra6 24. Nd2 Rea8 25. Kf1 Rxa4 26. Rxa4 Rxa4 27.
Ke2 f5 28. Nb3 Kf8 29. Kd3 Ke7 30. h4 h5 31. f4 g6 32. Rc2 Kd7 33. g3 b6 34. e4
fxe4+ 35. Kxe4 Ra3 36. Rc3 f5+ 37. Ke3 b4 38. Rd3 Ke6 39. Ke2 Kd5 40. Nd2 Rxd3
41. Kxd3 c5 42. dxc5 bxc5 43. Nc4 Bc7 44. Ne3+ Kc6 45. Kc4 Bd6 46. Nd5 Bf8 47.
Nf6 Bg7 48. Nd5 Kd6 49. Nb6 Bd4 50. Nc8+ Ke6 51. Nb6 Bf2 52. Na4 Kd6 53. Nxc5
Bxc5 {White resigns} 0-1

[Event "Team 45 45 League T57"]
[Site "Internet Chess Club"]
[Date "2013.06.09"]
[Round "3"]
[White "tamky70"]
[Black "akshayk06"]
[Result "1-0"]
[WhiteElo "1472"]
[BlackElo "1499"]
[Opening "QGD semi-Slav"]
[ECO "D43"]
[Time "21:30:32"]
[TimeControl "2700+45"]

1. d4 d5 2. c4 c6 3. Nf3 Nf6 4. Nc3 e6 5. a4 h6 6. e3 Bb4 7. Be2 Ne4 8. O-O Nxc3
9. bxc3 Bxc3 10. Rb1 O-O 11. Bd2 Bxd2 12. Nxd2 Nd7 13. cxd5 cxd5 14. Bd3 Re8 15.
Nf3 b6 16. Bb5 Bb7 17. Ne5 Bc8 18. Rc1 f6 19. Nc6 Qc7 20. Ne7+ {Black resigns}
1-0

[Event "Team 45 45 League T57"]
[Site "Internet Chess Club"]
[Date "2013.06.07"]
[Round "3"]
[White "stantheman59"]
[Black "QuimCatala"]
[Result "1-0"]
[WhiteElo "1235"]
[BlackElo "1396"]
[Opening "Sicilian defense"]
[ECO "B30"]
[Time "20:03:37"]
[TimeControl "2700+45"]

1. e4 c5 2. Nf3 Nc6 3. c3 d6 4. Bc4 e6 5. O-O Nf6 6. d3 a6 7. Re1 b5 8. Bb3 e5
9. c4 b4 10. a3 a5 11. axb4 Nxb4 12. Ba4+ Bd7 13. Bxd7+ Qxd7 14. Bg5 Nh5 15. Bd2
Nxd3 16. Re3 Nhf4 17. Bxa5 Be7 18. Rxd3 O-O 19. Rda3 Qg4 20. g3 Nh3+ 21. Kf1 Ng5
22. Nbd2 Nxe4 23. Ng1 Nxd2+ 24. Qxd2 Qxc4+ 25. Qe2 Qd5 26. Rd1 Qe6 27. Nf3 h6
28. Qe1 Qh3+ 29. Kg1 Qg4 30. Nd2 f5 31. Kh1 Qd4 32. Bc3 Qd5+ 33. Nf3 Qxf3+ 34.
Kg1 Rxa3 35. bxa3 Ra8 36. Ra1 f4 37. gxf4 Qxf4 38. a4 Qg4+ 39. Kf1 Qh3+ 40. Kg1
Qg4+ 41. Kf1 Rxa4 42. Rxa4 Qxa4 43. f3 Bh4 44. Qe4 Qd1+ 45. Kg2 Qc2+ 46. Qxc2
Bf6 47. Qb3+ Kf8 48. Qb8+ Ke7 49. Qc7+ Ke6 50. h3 Kd5 51. Ba1 h5 52. Qf7+ Kc6
53. Qxh5 d5 54. Bxe5 g6 55. Qxg6 {Black resigns} 1-0

[Event "Team 45 45 League T57"]
[Site "Internet Chess Club"]
[Date "2013.06.06"]
[Round "3"]
[White "Nxs123"]
[Black "g8wrb"]
[Result "1/2-1/2"]
[WhiteElo "1526"]
[BlackElo "1440"]
[Opening "French: advance, Euwe variation"]
[ECO "C02"]
[Time "15:00:05"]
[TimeControl "2700+45"]

1. e4 e6 2. d4 d5 3. e5 c5 4. c3 Nc6 5. Nf3 Bd7 6. a3 cxd4 7. cxd4 Nge7 8. Be2
Nc8 9. b4 Be7 10. O-O O-O 11. Nbd2 Qb6 12. Nb3 f6 13. Nc5 Bxc5 14. dxc5 Qc7 15.
exf6 Rxf6 16. Bb2 Rh6 17. Bc1 Rf6 18. Bg5 Rf5 19. Bd3 Rf7 20. Qc2 h6 21. Bd2 Ne5
22. Nxe5 Qxe5 23. Rfe1 Qf6 24. Rf1 Ne7 25. Rad1 Nf5 26. Bxf5 Qxf5 27. Qxf5 Rxf5
28. Rfe1 Raf8 29. f3 e5 30. Re2 Bb5 31. Re3 Re8 32. g4 Rf7 33. Rde1 Rfe7 34. Bc3
e4 35. fxe4 Rxe4 36. Rxe4 Rxe4 37. Rxe4 dxe4 38. Kf2 Kf7 39. h4 g6 40. g5 h5 41.
Ke3 Bd3 42. a4 Ke6 43. Kd4 Bc2 44. a5 Bd3 45. Be1 a6 46. Bf2 Bb1 {Game drawn by
mutual agreement} 1/2-1/2

[Event "Team 45 45 League T57"]
[Site "Internet Chess Club"]
[Date "2013.06.08"]
[Round "3"]
[White "RockingCHESS"]
[Black "Fogbound"]
[Result "0-1"]
[WhiteElo "1079"]
[BlackElo "1273"]
[Opening "Dutch"]
[ECO "A80"]
[Time "09:40:21"]
[TimeControl "2700+45"]

1. d4 f5 2. Nf3 Nf6 3. e3 d5 4. Bd3 e6 5. O-O Be7 6. c4 c6 7. b3 O-O 8. Ba3 Nbd7
9. Bxe7 Qxe7 10. c5 b6 11. b4 bxc5 12. bxc5 Ne4 13. Nbd2 Ndf6 14. Ne5 Bd7 15. f3
Nc3 16. Qe1 Rab8 17. e4 f4 18. exd5 Ncxd5 19. Bxh7+ Nxh7 20. Ng6 Qf6 21. Nxf8
Rxf8 22. Qe5 Qg6 23. Qe4 Qg5 24. Qe5 Rf5 25. Qb8+ Nf8 26. Qxa7 Ne3 27. Rf2 Qf6
28. Ne4 Qxd4 29. Re1 Nd1 30. Qa6 Nxf2 31. Nxf2 Qxc5 32. Qe2 Ng6 33. Kf1 Re5 34.
Qd2 Qc4+ 35. Nd3 Rxe1+ 36. Kxe1 Qd5 37. Qc2 Nh4 38. g4 Nxf3+ 39. Kd1 Nd4 40. Qb2
Qh1+ 41. Kd2 Qxh2+ 42. Kc3 Nb5+ 43. Kb3 Qg3 44. Kc4 Qe3 45. Ne5 Qe4+ 46. Kc5
Qe3+ 47. Kb4 Bc8 48. Nxc6 Qe4+ 49. Kxb5 Bd7 50. Qc3 Qd5+ 51. Kb6 Bxc6 52. Qxc6
Qxc6+ 53. Kxc6 f3 54. a4 f2 55. a5 f1=Q 56. Kb6 Qa1 57. a6 e5 58. Kb7 e4 59. a7
e3 60. a8=Q+ Qxa8+ 61. Kxa8 e2 62. Kb7 e1=Q 63. Kc6 Kf7 64. Kc5 Ke7 65. Kd4 Qe2
66. Kd5 Qxg4 67. Ke5 Qg5+ 68. Ke4 Ke6 69. Kd3 Qf4 70. Ke2 Qg3 71. Kf1 Qh2 72.
Ke1 Kf5 73. Kd1 Ke4 74. Kc1 Kd3 75. Kb1 Kc3 76. Ka1 Kb3 77. Kb1 Qh1# {White
checkmated} 0-1

[Event "Team 45 45 League T57"]
[Site "Internet Chess Club"]
[Date "2013.06.07"]
[Round "3"]
[White "rapidfire"]
[Black "MasterD"]
[Result "0-1"]
[WhiteElo "1159"]
[BlackElo "1282"]
[Opening "French: advance, Wade variation"]
[ECO "C02"]
[Time "10:00:44"]
[TimeControl "2700+45"]

1. e4 e6 2. d4 d5 3. e5 c5 4. c3 Qb6 5. Nf3 Bd7 6. Be2 Bb5 7. O-O Bxe2 8. Qxe2
Nc6 9. Nbd2 Nge7 10. b3 cxd4 11. cxd4 Nxd4 12. Nxd4 Qxd4 13. Rb1 Ng6 14. Bb2 Qb6
15. Nf3 Bc5 16. Rbc1 O-O 17. Ng5 Bd4 18. Bxd4 Qxd4 19. Nf3 Qf4 20. g3 Qg4 21.
Rfe1 f6 22. exf6 Rxf6 23. Rc3 Raf8 24. Re3 Nf4 25. Qb5 Nh3+ 26. Kg2 Rxf3 27.
Rxf3 Rxf3 28. Re3 Rxf2+ 29. Kh1 Qd1+ 30. Re1 Qxe1+ 31. Qf1 Qxf1# {White
checkmated} 0-1

[Event "Team 45 45 League T57"]
[Site "Internet Chess Club"]
[Date "2013.06.08"]
[Round "3"]
[White "fuzzface"]
[Black "arconia"]
[Result "1-0"]
[WhiteElo "1336"]
[BlackElo "1299"]
[Opening "English: symmetrical variation"]
[ECO "A30"]
[Time "10:01:37"]
[TimeControl "2700+45"]

1. c4 c5 2. g3 Nc6 3. Bg2 e6 4. Nc3 Nf6 5. d3 Be7 6. e4 O-O 7. Nge2 d6 8. a3 e5
9. O-O a6 10. Bg5 h6 11. Bxf6 Bxf6 12. Nd5 b5 13. Nxf6+ Qxf6 14. b3 h5 15. Nc3
Qg6 16. Nd5 Rb8 17. cxb5 axb5 18. f4 h4 19. fxe5 hxg3 20. hxg3 dxe5 21. Qe1 Rb7
22. Qe3 Nd4 23. Rab1 Bg4 24. Rb2 Kh7 25. Rbf2 f6 26. Bh1 Rh8 27. Nxf6+ gxf6 28.
Rxf6 Ne2+ 29. Kg2 Bh3+ 30. Kh2 Qh5 31. Bf3 Bg4+ 32. Kg2 Qh3+ 33. Kf2 Qxg3+ 34.
Kxe2 Rg7 35. Rh1+ Bh3 36. Rh6+ Kg8 37. Rxh8+ Kxh8 38. Qh6+ Rh7 39. Qf6+ Qg7 40.
Qd8+ Qg8 41. Qf6+ Qg7 42. Qxg7+ Kxg7 43. Rg1+ Kf6 44. Ke3 Rg7 45. Rxg7 Kxg7 46.
Bh5 Be6 47. Bd1 Kf7 48. a4 bxa4 49. bxa4 Bd7 50. a5 Bc6 51. a6 Ba8 52. a7 Ke7
53. Bb3 Kd7 54. Bd5 Kc7 {Black resigns} 1-0

[Event "Team 45 45 League T57"]
[Site "Internet Chess Club"]
[Date "2013.06.08"]
[Round "3"]
[White "Macovitski"]
[Black "tamky70"]
[Result "0-1"]
[WhiteElo "1233"]
[BlackElo "1453"]
[Opening "Sicilian: Alapin's variation (2.c3)"]
[ECO "B22"]
[Time "19:00:16"]
[TimeControl "2700+45"]

1. e4 c5 2. c3 Nf6 3. e5 Nd5 4. Bc4 e6 5. Nf3 Nc6 6. O-O d6 7. d4 cxd4 8. Bxd5
exd5 9. exd6 Qxd6 10. cxd4 Be7 11. Nc3 a6 12. Be3 O-O 13. h3 Bf6 14. Qd2 Qd8 15.
Rac1 Be6 16. Na4 Qa5 17. Qc2 Rac8 18. Bd2 Qd8 19. Nc5 Nxd4 20. Nxd4 Bxd4 21. Be3
Bxe3 22. fxe3 Qd6 23. b4 b6 24. Nb7 Rxc2 25. Nxd6 Rxc1 26. Rxc1 b5 27. Rc6 d4
28. exd4 Bxa2 29. Rxa6 Bc4 30. Ra5 Rb8 31. Ra7 g6 32. Rxf7 Bxf7 {White resigns}
0-1

[Event "Team 45 45 League T57"]
[Site "Internet Chess Club"]
[Date "2013.06.09"]
[Round "3"]
[White "Tribe97"]
[Black "rhayder"]
[Result "0-1"]
[WhiteElo "1253"]
[BlackElo "1405"]
[Opening "English opening"]
[ECO "A20"]
[Time "18:05:22"]
[TimeControl "2700+45"]

1. c4 e5 2. g3 Nf6 3. Bg2 d5 4. cxd5 Nxd5 5. Nc3 Nxc3 6. bxc3 Bc5 7. e3 O-O 8.
Ne2 Bg4 9. O-O Nc6 10. a4 Qd7 11. Ba3 Bxa3 12. Rxa3 Bh3 13. Bxh3 Qxh3 14. d4
exd4 15. cxd4 Rfe8 16. Qb3 b6 17. Rc1 Na5 18. Qd5 c6 19. Qg2 Qg4 20. f3 Qe6 21.
Nf4 Qd6 22. Qb2 Rac8 23. Rac3 c5 24. Kg2 Qc6 25. Qb5 Qxb5 26. axb5 Nb7 27. Nd5
Re6 28. e4 g6 29. e5 Rd8 30. Nf6+ Kg7 31. d5 Rxe5 32. f4 Re2+ 33. Kf3 Rxh2 34.
Ng4 Rd2 35. Ra1 R8xd5 36. Rxa7 Nd6 37. Ne5 Nxb5 38. Rxf7+ Kg8 39. Re3 Rxe5 40.
fxe5 Kxf7 41. e6+ Ke7 42. Kg4 Nd4 43. Re5 Re2 44. Rxe2 Nxe2 45. Kf3 Nd4+ 46. Ke3
Kxe6 47. Kd3 Kf5 48. Ke3 Kg4 {White resigns} 0-1

[Event "Team 45 45 League T57"]
[Site "Internet Chess Club"]
[Date "2013.06.07"]
[Round "3"]
[White "oldbookseller"]
[Black "kabubi"]
[Result "0-1"]
[WhiteElo "981"]
[BlackElo "1131"]
[Opening "Queen's pawn game"]
[ECO "D04"]
[Time "14:30:44"]
[TimeControl "2700+45"]

1. d4 d5 2. Nf3 Nf6 3. e3 c5 4. c3 cxd4 5. cxd4 Nc6 6. Nbd2 Nd7 7. Bd3 e5 8. Bb5
exd4 9. exd4 Bd6 10. O-O O-O 11. Bd3 Qf6 12. g3 Nxd4 13. b3 Ne5 14. Bb2 Ndxf3+
15. Nxf3 Nxf3+ 16. Kh1 Qxb2 17. Qxf3 Bh3 18. Rfe1 Rae8 19. Qh5 Bf5 20. Bxf5 g6
21. Qg5 Rxe1+ 22. Rxe1 Qxf2 23. Bd7 Qxe1+ 24. Kg2 d4 25. Qd5 Qe2+ 26. Kh3 Qh5+
27. Qxh5 gxh5 28. a4 d3 29. Kh4 Rd8 30. Bb5 d2 31. Kxh5 d1=Q+ 32. Kh6 Bf8+ 33.
Kg5 Rd5+ 34. Kf6 Rxb5 35. axb5 a6 36. bxa6 bxa6 37. h4 h5 38. b4 Qd8+ 39. Ke5
Bxb4 40. g4 hxg4 41. h5 f6+ 42. Kf5 Kf7 43. Kxg4 f5+ 44. Kxf5 Qf6+ {White
resigns} 0-1

[Event "Team 45 45 League T57"]
[Site "Internet Chess Club"]
[Date "2013.06.09"]
[Round "3"]
[White "xt"]
[Black "gcl"]
[Result "0-1"]
[WhiteElo "1636"]
[BlackElo "1692"]
[Opening "Sicilian defense"]
[ECO "B40"]
[Time "18:07:15"]
[TimeControl "2700+45"]

1. e4 c5 2. Nf3 e6 3. Nc3 a6 4. a3 Qc7 5. Bc4 b5 6. Bb3 c4 7. Ba2 Bb7 8. O-O Nf6
9. d3 cxd3 10. Qd2 Nxe4 11. Nxe4 Bxe4 12. Ng5 Bb7 13. Qxd3 Bd6 14. h3 Qc6 15. f3
Bc5+ 16. Kh1 h6 17. Ne4 Be7 18. Rd1 d5 19. Nf2 Nd7 20. Be3 a5 21. Rac1 Ba6 22.
Qd2 b4 23. axb4 axb4 24. c3 bxc3 25. Rxc3 Qd6 26. Bf4 Qb4 27. Qc2 Qxf4 28. Rc7
Bd6 29. Ng4 Bxc7 {White resigns} 0-1

[Event "Team 45 45 League T57"]
[Site "Internet Chess Club"]
[Date "2013.06.08"]
[Round "3"]
[White "parrot9"]
[Black "Warpdrive"]
[Result "0-1"]
[WhiteElo "1632"]
[BlackElo "1710"]
[Opening "Caro-Kann: classical, 6.h4"]
[ECO "B18"]
[Time "14:02:44"]
[TimeControl "2700+45"]

1. e4 c6 2. d4 d5 3. Nc3 dxe4 4. Nxe4 Bf5 5. Ng3 Bg6 6. h4 h6 7. h5 Bh7 8. Nf3
Nd7 9. Bd3 Bxd3 10. Qxd3 e6 11. Bd2 Qc7 12. O-O-O O-O-O 13. Qe2 Ngf6 14. Ne5
Nxe5 15. dxe5 Nd5 16. Kb1 Be7 17. f4 Qb6 18. f5 Bg5 19. Ne4 Bxd2 20. Qxd2 Ne3
21. Nd6+ Kb8 22. Rde1 Nxf5 23. Rhf1 Nxd6 24. exd6 Rd7 25. Re3 Rhd8 26. Rd3 Qb5
27. Qf4 Qxh5 28. g4 Qc5 29. Rdf3 Qxd6 30. Qxd6+ {White resigns} 0-1

[Event "Team 45 45 League T57"]
[Site "Internet Chess Club"]
[Date "2013.06.11"]
[Round "3"]
[White "nanning"]
[Black "Invicta-Knight"]
[Result "1-0"]
[WhiteElo "1620"]
[BlackElo "1461"]
[Opening "Scandinavian (center counter) defense"]
[ECO "B01"]
[Time "14:22:20"]
[TimeControl "2700+45"]

1. e4 d5 2. exd5 c6 3. dxc6 Nxc6 4. Nc3 g6 5. Bc4 Ne5 6. Bb5+ Bd7 7. Nf3 Bg7 8.
Qe2 Nc6 9. O-O Nf6 10. Re1 Qc7 11. Ne5 Nxe5 12. Qxe5 Qxe5 13. Rxe5 a6 14. Bxd7+
Nxd7 15. Re2 e6 16. b3 Rc8 17. Bb2 Rg8 18. Rc1 b5 19. Nd1 h5 20. Bxg7 Rxg7 21.
d4 Kf8 22. c4 bxc4 23. bxc4 Nb6 24. c5 Nd5 25. Ne3 g5 26. Nxd5 exd5 27. Re5 g4
28. Rxd5 Rg6 29. Rxh5 f6 30. Rh8+ Rg8 31. Rxg8+ Kxg8 32. f3 gxf3 33. gxf3 Re8
{Black resigns} 1-0

[Event "Team 45 45 League T57"]
[Site "Internet Chess Club"]
[Date "2013.06.09"]
[Round "3"]
[White "dscvdchk"]
[Black "mongmong"]
[Result "0-1"]
[WhiteElo "1520"]
[BlackElo "1610"]
[Opening "Bogo-Indian defense"]
[ECO "E11"]
[Time "11:04:10"]
[TimeControl "2700+45"]

1. d4 e6 2. c4 Nf6 3. Nf3 Bb4+ 4. Bd2 a5 5. a3 Bxd2+ 6. Nbxd2 d6 7. g3 b6 8. Bg2
Bb7 9. O-O O-O 10. Qc2 Nbd7 11. Rfe1 Qe7 12. e4 h6 13. Rac1 c5 14. d5 e5 15. Nf1
g6 16. Qd2 Kg7 17. Nh4 Nh7 18. Bh3 Ng5 19. Bg4 Nf6 20. Bd1 Bc8 21. f3 Nfh7 22.
a4 f5 23. Ng2 fxe4 24. fxe4 Bh3 25. Qe3 Rf6 26. Nd2 Raf8 27. Rf1 Bd7 28. Rxf6
Rxf6 29. b3 Qf8 30. Be2 Nh3+ 31. Kh1 Nf2+ 32. Kg1 Ng5 33. h4 Ngh3+ 34. Kh2 Ng4+
35. Bxg4 Bxg4 36. Re1 Bd7 37. Re2 Nf2 38. Kg1 Ng4 39. Qd3 Nf2 40. Qe3 Nh3+ 41.
Kh2 Bg4 42. Re1 Nf2 43. Kg1 Bh5 44. Qc3 g5 45. Qe3 Ng4 46. Qc3 Bg6 47. Qd3 Rf2
48. Re2 Rf6 49. hxg5 hxg5 50. Ne3 Nf2 51. Qc2 Nh3+ 52. Kg2 Rf2+ 53. Rxf2 Nxf2
54. Nf5+ Bxf5 55. exf5 Ng4 56. Nf3 Ne3+ {White resigns} 0-1

[Event "Team 45 45 League T57"]
[Site "Internet Chess Club"]
[Date "2013.06.11"]
[Round "3"]
[White "knightstormala"]
[Black "clarinetref"]
[Result "0-1"]
[WhiteElo "1819"]
[BlackElo "1629"]
[Opening "QGA, 4.e3"]
[ECO "D25"]
[Time "13:10:31"]
[TimeControl "2700+45"]

1. d4 d5 2. c4 dxc4 3. Nf3 Nf6 4. e3 a6 5. Bxc4 c5 6. Nc3 e6 7. O-O b5 8. Bd3 c4
9. Bc2 Bb7 10. a3 Be7 11. Ne5 Nc6 12. Nxc6 Bxc6 13. f3 O-O 14. e4 Qb6 15. Kh1
Rfd8 16. Ne2 a5 17. Be3 b4 18. axb4 axb4 19. Rxa8 Rxa8 20. Qd2 Qb7 21. g4 b3 22.
Bb1 Bb4 23. Nc3 Ra1 24. Rc1 Rxb1 25. Rxb1 Nxg4 26. Rg1 Bxc3 27. Qxc3 Bxe4 28.
fxe4 Qxe4+ 29. Rg2 Nxe3 {White resigns} 0-1

[Event "Team 45 45 League T57"]
[Site "Internet Chess Club"]
[Date "2013.06.09"]
[Round "3"]
[White "tryanything"]
[Black "bayoumicardio10"]
[Result "1-0"]
[WhiteElo "1576"]
[BlackElo "1640"]
[Opening "Queen's pawn: London system"]
[ECO "A45"]
[Time "19:51:41"]
[TimeControl "2700+45"]

1. d4 Nf6 2. Bf4 g6 3. e3 Bg7 4. Nf3 O-O 5. c4 d6 6. Bd3 c5 7. O-O Bg4 8. h3
Bxf3 9. Qxf3 Nc6 10. dxc5 dxc5 11. Qe2 Nb4 12. Rd1 Qb6 13. Nc3 Nxd3 14. Rxd3
Rad8 15. Rad1 Rxd3 16. Rxd3 Rd8 17. Na4 Qa5 18. Rxd8+ Qxd8 19. Nxc5 b6 20. Nd3
Ne4 21. b3 Nc3 22. Qc2 a5 23. Be5 Ne4 24. Bxg7 Kxg7 25. Nf4 f5 26. Ne6+ {Black
resigns} 1-0

[Event "Team 45 45 League T57"]
[Site "Internet Chess Club"]
[Date "2013.06.09"]
[Round "3"]
[White "ChessMaine"]
[Black "arnx813"]
[Result "0-1"]
[WhiteElo "1409"]
[BlackElo "1371"]
[Opening "Queen's pawn game"]
[ECO "D00"]
[Time "20:07:27"]
[TimeControl "2700+45"]

1. d4 d5 2. e3 e6 3. Bd3 c5 4. c3 Nc6 5. Nf3 Nf6 6. Nbd2 Bd6 7. O-O O-O 8. Re1
e5 9. dxe5 Nxe5 10. Nxe5 Bxe5 11. Nf3 Bc7 12. Bd2 Qd6 13. e4 dxe4 14. Bxe4 Bg4
15. Bg5 Qxd1 16. Raxd1 Nxe4 17. Rxe4 f5 18. Re3 Rf7 19. Red3 h6 20. Bc1 Re8 21.
Re1 Rxe1+ 22. Nxe1 Re7 23. Re3 Rd7 24. Rd3 Re7 25. Re3 Kf7 26. Rxe7+ Kxe7 27.
Nd3 b6 28. Bf4 Bd6 29. Bxd6+ Kxd6 30. f4 Kd5 31. g3 Ke4 32. Nf2+ Ke3 33. Nxg4+
fxg4 34. Kf1 Kd2 35. Kf2 Kc2 36. Ke3 Kxb2 37. f5 Kxc3 38. Kf4 Kd3 39. Kxg4 c4
40. Kh5 c3 41. Kg6 c2 42. Kxg7 c1=Q 43. f6 Qg5+ 44. Kf7 Ke4 45. Ke7 Ke5 {White
resigns} 0-1

[Event "Team 45 45 League T57"]
[Site "Internet Chess Club"]
[Date "2013.06.15"]
[Round "3"]
[White "Check101"]
[Black "seattleblues"]
[Result "0-1"]
[WhiteElo "1575"]
[BlackElo "1524"]
[Opening "Caro-Kann: Panov-Botvinnik attack, 5...e6"]
[ECO "B14"]
[Time "20:12:26"]
[TimeControl "2700+45"]

1. e4 c6 2. d4 d5 3. exd5 cxd5 4. c4 Nf6 5. Nc3 e6 6. Nf3 Nc6 7. cxd5 Nxd5 8. a3
Be7 9. Bd3 Bf6 10. Bc2 O-O 11. O-O b6 12. Re1 Bb7 13. Qd3 g6 14. Ne4 Bg7 15. Bg5
Nce7 16. Rad1 Qc7 17. Ne5 f6 {White resigns} 0-1